 Seeded DCSS version 0.28.0-53-g5a82cb258f (webtiles) character file.

Game seed: 16741504880288026330 (custom seed)

658 bnorton916 the Magician (level 7, -6/54 HPs)
             Began as a Deep Elf Fire Elementalist on June 4, 2022.
             Was an Initiate of Gozag.
             Mangled by a killer bee (7 damage)
             ... on level 3 of the Dungeon.
             The game lasted 00:11:15 (7248 turns).

bnorton916 the Magician (DEFE)                      Turns: 7248, Time: 00:11:16

Health: -6/54      AC:  7    Str: 11    XL:     7   Next: 29%
Magic:  7/17       EV: 14    Int: 25    God:    Gozag
Gold:   119        SH:  0    Dex: 15    Spells: 7/17 levels left

rFire   + . .      SeeInvis .   n - +1 dagger (venom)
rCold   . . .      Faith    .   (no shield)
rNeg    . . .      Spirit   .   a - +0 robe
rPois   .          Reflect  .   C - +2 helmet {Int+3}
rElec   .          Harm     .   k - +0 cloak
rCorr   .          Rampage  .   m - +0 pair of gloves
Will    .....                   (no boots)
Stlth   ..........              (no amulet)
HPRegen 0.18/turn               y - ring of protection from fire
MPRegen 0.15/turn               A - +6 ring of strength

@: berserking, lethally poisoned (-6 -> -10), gold aura, very quick
A: no striking features
a: Renounce Religion, Potion Petition, Call Merchant, Bribe Branch


You were on level 3 of the Dungeon.
You worshipped Gozag.
Gozag was aware of your devotion.
You visited 2 branches of the dungeon, and saw 6 of its levels.

You collected 398 gold pieces.
You spent 187 gold pieces at shops.
You paid 92 gold pieces to Gozag.

Inventory:

Hand Weapons
 n - a +1 dagger of venom (weapon)
 t - a +0 short sword of protection
 x - the +6 mace "Xeino" {freeze, rC+}
   (You found it on level 4 of the Dungeon)

   It freezes those it strikes, dealing additional cold damage.
   It can also slow down cold-blooded creatures.
   rC:        It protects you from cold.
Missiles
 b - 5 curare-tipped darts
 j - 180 stones
 l - 9 poisoned darts
 D - 2 throwing nets
Armour
 a - a +0 robe (worn)
 k - a +0 cloak (worn)
 m - a +0 pair of gloves (worn)
 C - a +2 helmet of intelligence (worn)
Magical Staves
 u - a staff of fire
Jewellery
 y - a ring of protection from fire (left hand)
 A - a +6 ring of strength (right hand)
 E - a ring of protection from fire
 F - a +4 ring of slaying
Wands
 r - a wand of digging (5)
 s - a wand of polymorph (5)
Scrolls
 c - a scroll of identify {unknown}
 d - a scroll of enchant weapon {unknown}
 e - 3 scrolls of teleportation
 f - a scroll of immolation {unknown}
 z - a scroll of enchant armour {unknown}
 G - a scroll of vulnerability {unknown}
Potions
 h - a potion of brilliance
 i - a potion of might
 o - a potion of degeneration {unknown}
 p - 2 potions of invisibility {unknown}
 q - 4 potions of lignification {unknown}
 v - a potion of mutation {unknown}
 w - a potion of cancellation {unknown}
 B - a potion of attraction {unknown}


   Skills:
 + Level 4.8 Dodging
 + Level 5.1 Stealth
 + Level 5.6 Spellcasting
 + Level 3.8 Conjurations
 + Level 5.1 Fire Magic


You had 7 spell levels left.
You knew the following spells:

 Your Spells              Type           Power      Damage    Failure   Level
a - Foxfire               Conj/Fire      100%       2x1d9     1%          1
b - Scorch                Fire           64%        2d8       1%          2
c - Conjure Flame         Conj/Fire      29%        6-21      3%          3
d - Flame Wave            Conj/Fire      29%        2d8       12%         4

Your spell library contained the following spells:

 Spells                   Type           Power      Damage    Failure   Level
 Animate Skeleton         Necr           14%        N/A       8%          1
 Pain                     Necr           28%        1d5       8%          1
 Inner Flame              Hex/Fire       19%        N/A       9%          3
 Ensorcelled Hibernation  Hex/Ice        14%        N/A       12%         2
 Spider Form              Tmut/Pois      7%         N/A       24%         3
 Vampiric Draining        Necr           7%         2d6       24%         3
 Airstrike                Air            3%         N/A       61%         4
 Anguish                  Hex/Necr       3%         N/A       61%         4
 Summon Lightning Spire   Summ/Air       7%         N/A       61%         4
 Lightning Bolt           Conj/Air       8%         1d20      67%         5


Dungeon Overview and Level Annotations

Branches:
Dungeon (5/15)             Temple (1/1) D:4

Altars:
Dithmenos
Gozag
Hepliaklqana
Kikubaaqudgha
Nemelex Xobeh
Okawaru
Ru
Sif Muna
Wu Jian
Xom
Yredelemnul
Zin
The Shining One

Shops:
D:1 :*[*

Annotations:
D:4 Ijyb


Message History

The killer bee stings you but does no damage.
You feel sick.
You are no longer poisoned.
The killer bee stings you.
* * * LOW HITPOINT WARNING * * *
You are lethally poisoned!
The killer bee poisons you! The killer bee closely misses you.
Okay, then.
Okay, then.
You are lethally poisoned (5 -> -6).
Your movement speed is average.
Your attack delay is about 1.0.
Your base attributes are Str 5, Int 22, Dex 15.
Unknown command.
It was a potion of berserk rage.
A red film seems to cover your vision as you go berserk!
You feel yourself moving faster!
You feel mighty!
* * * LOW HITPOINT WARNING * * *
You feel very sick. The killer bee closely misses you.
The killer bee stings you but does no damage.
You barely miss the killer bee.
The killer bee is heavily wounded.
* * * LOW HITPOINT WARNING * * *
You feel sick. The killer bee barely misses you.
You closely miss the killer bee.
The killer bee is heavily wounded.
* * * LOW HITPOINT WARNING * * *
You feel sick. The killer bee misses you.
You barely miss the killer bee.
The killer bee is heavily wounded.
* * * LOW HITPOINT WARNING * * *
You feel sick. The killer bee closely misses you.
You hit the killer bee.
The killer bee is poisoned.
The killer bee is severely wounded.
* * * LOW HITPOINT WARNING * * *
You feel sick.
The killer bee is no longer more vulnerable to fire.
The killer bee stings you!
You die...
Your body crumbles into a pile of gold.

.## #.# ##.#.#.## #....#
.####.###
#.)...#########....#
.##.....#
##...##.........##.#
....#.#.##
#.).###...........####
##.......# #...#
#.###....#..)...
#..#.#..####.####.#
#.#.###.####
#..........#.#.##.# #.#.#
###
##########.#.#y##.###.#.##
#.#.#.@.........#
###.#.######.#..# #####
#...# #.#..# ##...##
##..######.#..# ##.....##
#............#
#.......####.#####....#.# #
###.....................#.#
#
.......)....##.###......#<#
# ####.....#.....#
#.#.#..#.# #


You could see a killer bee (very poisoned).

Vanquished Creatures
  A scorpion (D:4)
  2 killer bees (D:4)
  2 vampire bats (D:4)
  A jelly (D:4)
  2 orc priests (D:4)
  A hound (D:4)
  3 orc wizards
  An iguana (D:4)
  A hound skeleton (D:4)
  5 adders
  A white imp (D:4)
  3 worms
  2 dart slugs
  17 orcs
  10 endoplasms
  9 giant cockroaches
  7 goblins
  7 hobgoblins
  5 jackals (D:1)
  4 quokkas
  5 ball pythons
  15 bats
  9 frilled lizards
  12 kobolds
  9 rats
134 creatures vanquished.

Vanquished Creatures (collateral kills)
  2 foxfires (D:3)
2 creatures vanquished.

Vanquished Creatures (others)
  452 foxfires
  18 plants (D:3)
470 creatures vanquished.

Grand Total: 606 creatures vanquished

Notes
Turn   | Place    | Note
-------+----------+-------------------------------------------
     0 | D:1      | bnorton916 the Deep Elf Fire Elementalist began the quest
                  | for the Orb.
     0 | D:1      | Reached XP level 1. HP: 10/10 MP: 6/6
     1 | D:1      | Found a runed translucent door.
    32 | D:1      | Found Tyly's General Store.
   207 | D:1      | Found Mymnusoe's Antique Armour Emporium.
   346 | D:1      | Reached XP level 2. HP: 15/15 MP: 6/8
   483 | D:1      | Found Xaojecw's Book Emporium.
   889 | D:1      | Found a faded altar of an unknown god.
   999 | D:1      | Reached XP level 3. HP: 14/19 MP: 5/9
  1082 | D:1      | Learned a level 2 spell: Scorch
  1093 | D:1      | Found Onirch's General Store.
  2234 | D:2      | Reached XP level 4. HP: 24/24 MP: 8/11
  3792 | D:3      | Reached XP level 5. HP: 6/28 MP: 2/13
  4377 | D:3      | HP: 1/28 [poisoned by an orc wizard]
  4913 | D:4      | Noticed Blork the orc
  4923 | D:5      | Entered Level 5 of the Dungeon
  5425 | D:4      | Reached XP level 6. HP: 32/32 MP: 11/15
  5605 | D:4      | Identified the +6 mace "Xeino" {freeze, rC+}
  5727 | D:4      | Reached skill level 5 in Spellcasting
  6038 | D:4      | Found a staircase to the Ecumenical Temple.
  6045 | Temple   | Entered the Ecumenical Temple
  6249 | Temple   | Became a worshipper of Gozag Ym Sagoz the Greedy
  6420 | D:4      | Noticed Blork
  6420 | D:4      | Blork the orc changed into Blork the hobgoblin
  6425 | D:4      | Killed Blork the hobgoblin
  6504 | D:4      | Reached XP level 7. HP: 36/36 MP: 11/17
  6529 | D:4      | Noticed Ijyb
  6595 | D:1      | Learned a level 3 spell: Conjure Flame
  6610 | D:1      | Learned a level 4 spell: Flame Wave
  6646 | D:1      | Reached skill level 5 in Fire Magic
  6842 | D:1      | Bought a shiny helmet for 187 gold pieces
  7223 | D:4      | Reached skill level 5 in Stealth
  7246 | D:3      | HP: 2/54 [poisoned by a killer bee]
  7248 | D:3      | Mangled by a killer bee

Illustrated notes

Levels and vault maps discovered:
D:1:      dpeg_arrival_caged_fury, layout_basic,
          chequers_ecumenical_altar_grove, serial_shops, shop, shop,
          nicolae_shop_window_shopping, shop_fountains
D:2:      layout_loops_ring
D:3:      minmay_general_purpose_star, layout_loops_ring, serial_glass,
          glass_columns_a, glass_columns_a, glass_columns_c, glass_columns_a,
          lexackson_kobold_supper
D:4:      layout_basic, minmay_temple_entry_nine_rooms, roderic_batcave,
          uniq_ijyb, uniq_natasha, uniq_blork_the_orc
D:5:      layout_basic, lemuel_doored_altar
Temple:   nicolae_temple_figure_eight

Skill      XL: |  1  2  3  4  5  6  7 |
---------------+----------------------+-----
Stealth        | 3 4 5 |  5.1
Dodging        | 3 4 |  4.8
Conjurations   | 2 3 |  3.8
Spellcasting   | 4 5 |  5.6
Fire Magic     | 4 5 |  5.1

Action                   |  1- 3 |  4- 6 |  7- 9 || total
-------------------------+-------+-------+-------++-------
Melee: Dagger            |       |    16 |    15 ||    31
 Cast: Foxfire           |   106 |   141 |    42 ||   289
       Scorch            |     4 |    21 |     5 ||    30
Evoke: Wand              |       |     1 |       ||     1
  Use: Potion            |       |     3 |     1 ||     4
       Scroll            |       |     1 |       ||     1
Armor: Robe              |     6 |    15 |    14 ||    35
Dodge: Dodged            |     9 |    56 |    21 ||    86
